 Dungeon Crawl Stone Soup version 0.19.1 (webtiles) character file.

496 RedPan the Cudgeler (level 7, -8/41 HPs)
             Began as a Gargoyle Fighter on Dec 25, 2016.
             Killed by divine providence
             ... invoked by an orc priest
              (10 damage)
             ... on level 4 of the Dungeon.
             The game lasted 00:06:34 (2628 turns).

RedPan the Cudgeler (Gargoyle Fighter)              Turns: 2628, Time: 00:06:35

Health: -8/41      AC: 12    Str: 20    XL:     7   Next: 15%
Magic:  7/7        EV:  7    Int:  8    God:
Gold:   110        SH:  9    Dex: 11    Spells: 0 memorised, 6 levels left

rFire  . . .     SeeInvis .     a - +0 flail
rCold  + . .     Gourm    .     b - +0 scale mail
rNeg   + . .     Faith    .     c - +0 shield
rPois  ∞         Spirit   .     n - +0 helmet
rElec  +         Reflect  .     (no cloak)
rCorr  .         Harm     .     (no gloves)
MR     .....                    (no boots)
Stlth  ..........               (no amulet)
                                (no ring)
                                o - ring of protection from cold

@: no status effects
A: negative energy resistance 1, electricity resistance, unbreathing,
petrification resistance, rot immunity, AC +4
a: no special abilities


You were on level 4 of the Dungeon.
You were not hungry.

You visited 1 branch of the dungeon, and saw 4 of its levels.

You collected 110 gold pieces.

Inventory:

Hand Weapons
 a - a +0 flail (weapon)
Armour
 b - a +0 scale mail (worn)
 c - a +0 shield (worn)
 n - a +0 helmet (worn)
Jewellery
 o - a ring of protection from cold (left hand)
Wands
 w - a wand of flame (5/48)
Scrolls
 e - a scroll of blinking {unknown}
 h - a scroll of remove curse {unknown}
 k - a scroll of enchant armour {unknown}
 m - a scroll of magic mapping {unknown}
 p - a scroll of teleportation {unknown}
 r - 3 scrolls of recharging {unknown}
 v - a scroll of amnesia {unknown}
 y - a scroll of noise {unknown}
 C - a scroll of identify {unknown}
Potions
 d - a potion of might
 i - 3 potions of lignification {unknown}
 j - a potion of degeneration {unknown}
 q - a potion of mutation {unknown}
 t - 2 potions of magic {unknown}
 u - 3 potions of curing {unknown}
 z - 2 potions of haste {unknown}
Books
 s - a book of Changes

   Spells                             Type                      Level
   a - Beastly Appendage              Transmutation                1
   b - Sticks to Snakes               Transmutation                2
   c - Spider Form                    Transmutation/Poison         3
   d - Ice Form                       Ice/Transmutation            4
   e - Blade Hands                    Transmutation                5
 x - a book of Cantrips

   Spells                             Type                      Level
   a - Confusing Touch                Hexes                        1
   b - Animate Skeleton               Necromancy                   1
   c - Summon Small Mammal            Summoning                    1
   d - Apportation                    Translocation                1
 B - a book of Callings

   Spells                             Type                      Level
   a - Summon Small Mammal            Summoning                    1
   b - Call Imp                       Summoning                    2
   c - Call Canine Familiar           Summoning                    3
   d - Summon Guardian Golem          Hexes/Summoning              3
   e - Summon Lightning Spire         Summoning/Air                4
   f - Summon Ice Beast               Ice/Summoning                4
Comestibles
 f - 3 bread rations
 l - 3 meat rations
 A - 4 fruits


   Skills:
 - Level 3.2 Fighting
 + Level 7.6 Maces & Flails
 - Level 3.2 Armour
 - Level 3.2 Shields


You had 6 spell levels left.
You didn't know any spells.

Dungeon Overview and Level Annotations

Branches:
Dungeon (4/15)
 Temple: D:4-7

Altars:
Dithmenos
Makhleb
Qazlal
Xom


Innate Abilities, Weirdness & Mutations

You are resistant to torment.
Your stone body is resilient. (AC +4)
You are immune to poison.
You resist negative energy. (rN+)
You are resistant to electric shocks. (rElec)
You can survive without breathing.
You are immune to petrification.
You are immune to rotting.


Message History

The orc priest begins to cast a cantrip, but forgets the words!
The orc priest hits you but does no damage.
All of the chunks of flesh in your inventory have rotted away.
You hit the orc priest but do no damage.
The orc priest hits you but does no damage.
You completely miss the orc priest. You block the orc priest's attack.
The orc priest hits you but does no damage.
You barely miss the orc priest. You block the orc priest's attack.
The orc priest barely misses you.
You sock the orc priest!
You kill the orc priest!
The orc priest invokes the aid of Beogh against you.
Beogh smites you!
* * * LOW HITPOINT WARNING * * *
You block the orc priest's attack.
You hit the orc priest.
The orc priest is moderately wounded.
The orc priest calls down the wrath of Beogh upon you.
Beogh smites you!
You die...

##............##
#..............#
#...............
................
................
#..............
#.....)).......
#.....@o.!.....
#..............
#..............
##.............
#.............
#.............
#.............
#####.........


You could see an orc priest.

Vanquished Creatures
  Sigmund (D:2)
  The ghost of Dolanko the Sneak, an amateur SpAs (D:3)
  An orc priest (D:4)
  Ijyb (D:3)
  An orc wizard (D:4)
  4 adders (D:3)
  An ooze (D:3)
  4 worms
  2 leopard geckos (D:2)
  7 orcs (D:3)
  A ball python (D:3)
  9 bats
  4 giant cockroaches
  9 goblins
  11 hobgoblins
  8 jackals
  2 quokkas (D:3)
  7 frilled lizards
  10 kobolds
  11 rats
95 creatures vanquished.

Notes
Turn   | Place    | Note
-------+----------+-------------------------------------------
     0 | D:1      | RedPan the Gargoyle Fighter began the quest for the Orb.
     0 | D:1      | Reached XP level 1. HP: 14/14 MP: 1/1
    76 | D:1      | Reached XP level 2. HP: 18/19 MP: 2/2
   165 | D:1      | Reached skill level 3 in Maces & Flails
   387 | D:1      | Reached XP level 3. HP: 23/23 MP: 3/3
   663 | D:2      | Found a shimmering altar of Xom.
   763 | D:2      | Found a burning altar of Makhleb.
   787 | D:2      | Noticed Sigmund
   805 | D:2      | Killed Sigmund
   805 | D:2      | Reached skill level 5 in Maces & Flails
   805 | D:2      | Reached XP level 4. HP: 6/28 MP: 4/4
   805 | D:2      | Reached XP level 5. HP: 7/32 MP: 5/5
  1209 | D:2      | Found a shadowy altar of Dithmenos.
  1318 | D:2      | Reached skill level 6 in Maces & Flails
  1393 | D:3      | Reached XP level 6. HP: 37/37 MP: 6/6
  1468 | D:3      | Noticed Ijyb
  1477 | D:3      | Killed Ijyb
  1757 | D:3      | Noticed Dolanko's ghost (amateur SpAs)
  1791 | D:3      | Killed Dolanko's ghost
  1791 | D:3      | Reached skill level 7 in Maces & Flails
  2324 | D:3      | Found a stormy altar of Qazlal.
  2375 | D:3      | Reached XP level 7. HP: 41/41 MP: 7/7
  2627 | D:4      | HP: 2/41 [orc priest/divine providence (11)]
  2628 | D:4      | Killed from afar by an orc priest

Skill      XL: |  1  2  3  4  5  6 |
---------------+-------------------+-----
Maces & Flails | 3 5 6 7 |  7.6
Fighting       | |  3.2
Armour         | |  3.2
Shields        | |  3.2

Action                   |  1- 3 |  4- 6 |  7- 9 || total
-------------------------+-------+-------+-------++-------
Melee: Flail             |   130 |   202 |    33 ||   365
  Eat: Chunk             |       |     5 |     1 ||     6
Armor: Scale mail        |    60 |   102 |    28 ||   190
Dodge: Dodged            |    34 |    55 |    17 ||   106
Block: Shield            |    72 |    99 |    18 ||   189
